 Dungeon Crawl Stone Soup version 0.20-a0-1034-gb277f92 (webtiles) character file.

97 Gorglomux the Chiller (level 4, -2/33 HPs)
             Began as a Draconian Ice Elementalist on Apr 21, 2017.
             Slain by a centaur (9 damage)
             ... on level 3 of the Dungeon.
             The game lasted 00:05:42 (2459 turns).

Gorglomux the Chiller (Draconian Ice Elementalist)  Turns: 2459, Time: 00:05:42

Health: -2/33      AC:  5    Str: 11    XL:     4   Next: 42%
Magic:  8/8        EV: 12    Int: 16    God:
Gold:   79         SH:  0    Dex: 11    Spells: 8/9 levels left

rFire    . . .     SeeInvis .   r - +2 short sword (venom)
rCold    + . .     Gourm    .   (no shield)
rNeg     . . .     Faith    .   (armour unavailable)
rPois    .         Spirit   .   (helmet restricted)
rElec    .         Reflect  .   p - scarf {rC+}
rCorr    .         Harm     .   (no gloves)
MR       .....                  (no boots)
Stlth    ++........             (no amulet)
Regen    0.2/turn               (no ring)
MPRegen  0.2/turn               (no ring)

@: no status effects
A: unfitting armour, cold-blooded, AC +5
a: no special abilities


You were on level 3 of the Dungeon.
You were not hungry.

You visited 1 branch of the dungeon, and saw 3 of its levels.

You collected 79 gold pieces.

Inventory:

Hand Weapons
 h - a +0 short sword
   (You took it off a kobold on level 1 of the Dungeon)
 r - a +2 short sword of venom (weapon)
   (You took it off a kobold on level 2 of the Dungeon)
Armour
 p - a scarf of cold resistance (worn)
   (You found it on level 2 of the Dungeon)
Scrolls
 d - 2 scrolls of identify {unknown}
 f - a scroll of amnesia {unknown}
 n - a scroll of remove curse {unknown}
Potions
 c - a potion of degeneration {unknown}
 e - 2 potions of agility {unknown}
 g - 2 potions of curing
 j - 2 potions of brilliance {unknown}
 l - 3 potions of haste {unknown}
 m - a potion of flight {unknown}
 o - a potion of heal wounds {unknown}
 q - a potion of resistance {unknown}
Books
 a - a book of Frost
Comestibles
 b - 2 bread rations {@e1@e1}
 i - a royal jelly
 k - a meat ration {@e2@e2}


   Skills:
 - Level 1.7 Dodging
 - Level 1.7 Stealth
 + Level 3.0 Spellcasting
   Level 1.0 Conjurations
 * Level 4.5 Ice Magic


You had 8 spell levels left.
You knew the following spells:

 Your Spells              Type           Power        Failure   Level  Hunger
a - Freeze                Ice            ###.         2%          1    #......


Dungeon Overview and Level Annotations

Branches:
Dungeon (3/15)

Altars:
Gozag


Innate Abilities, Weirdness & Mutations

Your plain brown scales are hard. (AC +5)
You cannot fit into any form of body armour.
You are cold-blooded and may be slowed by cold attacks.


Message History

You kill the rat!
No target in view!
An adder comes into view.
The adder hisses angrily.
An adder is nearby!
An adder is nearby!
Aim: an adder You freeze the adder.
The adder bites you but does no damage.
You now have 7/8 mp.
Aim: an adder (heavily wounded)
You freeze the adder. The adder barely misses you.
The adder closely misses you.
You now have 6/8 mp.
Aim: an adder (severely wounded)
You freeze the adder.
You kill the adder!
You now have 5/8 mp.
Unknown command.
You can't see any susceptible monsters within range! (Use Z to cast anyway.) Unknown command.
Unknown command.
o - a blue potion
g - 4 gluggy blue potions (gained 1)
You now have 55 gold pieces (gained 17).
You now have 67 gold pieces (gained 12).
You open the door.
A dart slug comes into view.
MP restored: 8 A dart slug is nearby!
A dart slug is nearby!
There is an open door here.
You hit the dart slug.
The dart slug is poisoned.
You kill the dart slug!
No target in view!
You now have 79 gold pieces (gained 12).
You open the door.
There is an open door here.
You open the door.
A rat comes into view.
There is an open door here.
A rat is nearby!
A rat is nearby!
The helpless rat fails to defend itself.
You puncture the rat!
You kill the rat!
No target in view!
Found a stone staircase leading up.
l - 3 cyan potions (gained 2)
You open the door.
There is an open door here.
An orc comes into view. It is wielding a hand axe.
An orc is nearby!
You barely miss the orc. The orc barely misses you.
You hit the orc.
The orc is poisoned.
The orc hits you with a hand axe.
You take 4 damage, and have 29/33 hp.
You barely miss the orc.
You tail-slap the orc, but do no damage.
The orc closely misses you.
An orc is nearby!
You hit the orc but do no damage. The orc hits you with a hand axe.
You take 5 damage, and have 24/33 hp.
You hit the orc.
You kill the orc!
Things that are here:
a hand axe; a scale mail; an orc corpse
There is an open door here.
You open the door.
There is an open door here.
A centaur comes into view.
The centaur wields a shortbow.
The centaur shoots an arrow.
The arrow hits you.
You see here an arrow.
You take 3 damage, and have 21/33 hp.
A centaur is nearby!
A centaur is nearby!
The centaur shoots an arrow.
The arrow hits you!
* * * LOW HITPOINT WARNING * * *
You see here an arrow.
You take 14 damage, and have 7/33 hp.
MASSIVE DAMAGE!!
It was a potion of curing.
You feel better.
The centaur shoots an arrow.
The arrow closely misses you.
The centaur shoots an arrow.
The arrow hits you.
* * * LOW HITPOINT WARNING * * *
You feel better.
The centaur shoots an arrow.
The arrow barely misses you.
You regained 8 hp, and now have 16/33 hp.
The centaur shoots an arrow.
The arrow closely misses you.
The centaur shoots an arrow.
The arrow hits you!
The centaur shoots an arrow.
The arrow hits you.
* * * LOW HITPOINT WARNING * * *
You see here 2 arrows.
You take 9 damage, and have 8/33 hp.
MASSIVE DAMAGE!!
The centaur unwields an uncursed shortbow.
The centaur barely misses you.
You hit the centaur. The centaur hits you.
* * * LOW HITPOINT WARNING * * *
The centaur closely misses you.
You take 1 damage, and have 7/33 hp.
You closely miss the centaur. The centaur barely misses you.
You hit the centaur. The centaur hits you!
You die...

###
###########.#
#...........#
#.#########.#
##.#...#
#(#######
.....#.#
#((.(@c.#
##+#...#
#######.#
.....##### #
.....†...#
....####.#
##'## #.#
##.#####.##
...........


You could see a centaur.

Vanquished Creatures
  3 adders
  A worm (D:2)
  3 dart slugs
  2 orcs (D:3)
  7 bats
  3 giant cockroaches
  6 goblins
  9 hobgoblins
  3 jackals (D:2)
  3 ball pythons
  A frilled lizard (D:1)
  9 kobolds
  10 rats
60 creatures vanquished.

Notes
Turn   | Place    | Note
-------+----------+-------------------------------------------
     0 | D:1      | Gorglomux the Draconian Ice Elementalist began the quest for the Orb.
     0 | D:1      | Reached XP level 1. HP: 14/14 MP: 3/3
   181 | D:1      | Reached XP level 2. HP: 14/20 MP: 1/5
   326 | D:1      | HP: 4/20 [goblin/dagger (5)]
   914 | D:1      | Reached XP level 3. HP: 25/26 MP: 3/6
  1361 | D:2      | Reached skill level 4 in Ice Magic
  1478 | D:2      | Found an opulent altar of Gozag.
  2040 | D:2      | Reached XP level 4. HP: 33/33 MP: 4/8
  2149 | D:2      | Reached skill level 3 in Spellcasting
  2450 | D:3      | Noticed a centaur
  2451 | D:3      | HP: 7/33 [centaur/arrow (14)]
  2457 | D:3      | HP: 7/33 [centaur (1)]
  2459 | D:3      | Slain by a centaur

Vault maps used:
D:1:      dpeg_arrival_court
D:2:      lemuel_round_altar, first_bread, minivault_25,
          minmay_misc_feat_columns
D:3:      grunt_ministairs_1, lemuel_old_faithful

Skill      XL: |  1  2  3  4 |
---------------+-------------+-----
Ice Magic      | 4 |  4.5
Spellcasting   | 3 |  3.0
Dodging        | |  1.7
Stealth        | |  1.7
Conjurations   | |  1.0

Action                   |  1- 3 |  4- 6 || total
-------------------------+-------+-------++-------
Melee: Unarmed           |    12 |       ||    12
       Tailslap          |     8 |     3 ||    11
       Club              |    10 |       ||    10
       Short sword       |    39 |    28 ||    67
       Dagger            |     2 |       ||     2
 Cast: Freeze            |    50 |     7 ||    57
  Use: Potion            |       |     2 ||     2
 Stab: Sleeping          |     3 |     3 ||     6
  Eat: Chunk             |     4 |     1 ||     5
Armor: Skin              |    33 |    14 ||    47
Dodge: Dodged            |    61 |    28 ||    89

Vault maps used:
D:1:      dpeg_arrival_court
D:2:      lemuel_round_altar, first_bread, minivault_25,
          minmay_misc_feat_columns
D:3:      grunt_ministairs_1, lemuel_old_faithful

Table legend:
 A = Turns spent in this place as a percentage of turns spent in the entire game.
 B = Non-inter-level travel turns spent in this place as a percentage of non-inter-level travel turns spent in the entire game.
 C = Inter-level travel turns spent in this place as a percentage of turns spent in this place.
 D = Turns resting spent in this place as a percentage of non-inter-level travel turns spent in this place.
 E = Turns spent auto-exploring this place as a percentage of non-inter-level travel turns spent in this place.
 F = Non-inter-level travel turns spent in this place divided by the number of levels of this place that you've seen.
                   A       B       C       D       E      F
               +-------+-------+-------+-------+-------+----------------------
         Total | 100.0 | 100.0 |   0.5 |   3.9 |  12.0 | 205.7
       Dungeon | 100.0 | 100.0 |   0.5 |   3.9 |  12.0 | 205.7
               +-------+-------+-------+-------+-------+----------------------

Table legend:
 A = Kills in this place as a percentage of kills in entire the game.
 B = Kills by you in this place as a percentage of kills by you in the entire game.
 C = Kills by friends in this place as a percentage of kills by friends in the entire game.
 D = Other kills in this place as a percentage of other kills in the entire game.
 E = Experience gained in this place as a percentage of experience gained in the entire game.
 F = Experience gained in this place divided by the number of levels of this place that you have seen.
                   A       B       C       D       E      F
               +-------+-------+-------+-------+-------+----------------------
         Total | 100.0 | 100.0 |  -nan |  -nan | 100.0 |  46.3
       Dungeon | 100.0 | 100.0 |  -nan |  -nan | 100.0 |  46.3
               +-------+-------+-------+-------+-------+----------------------
